AoeStats
← 15A3L

Nomad

507665886Analyzed
3v3 RM · 13d ago on Sep 19, 2026· 41m 32s· 6 players
Game mode
Random Map
Map size
210×210
Population
200
Speed
Normal
Resources
Standard
Victory
Conquest
Starting age
Dark Age
Ending age
Imperial Age
RankedLock teamsTeams togetherTeam positionsShared explorationLock speedFull tech treeHidden civsTurbo modeCheats
Victory
Defeat
🇺🇸 Spanish · United States
1180
+17
🇹🇼 Huns · Taiwan
1175
+17
🇵🇪 Franks · Peru
1157
+18
1224
-18
🇪🇸 Shu · Spain
1220
-19
🇵🇪 Vikings · Peru
1142
-15
Tom Bombadil
6:25 Loom
14:58 Feudal Age
18:54 Castle Age
16:51 Double-Bit Axe
16:51 Horse Collar
20:41 Wheelbarrow
21:13 Bow Saw
28:29 Padded Archer Armor
28:26 Town Watch
29:08 Gold Mining
29:54 Bloodlines
30:04 Husbandry
32:36 Leather Archer Armor
33:43 Hand Cart
34:48 Heavy Plow
35:14 Scale Barding Armor
42:02 Imperial Age
40:49 Chain Barding Armor
40:40 Forging
姜午陽
3:09 Loom
15:56 Feudal Age
17:01 Double-Bit Axe
19:45 Castle Age
18:00 Scale Barding Armor
18:07 Forging
17:49 Horse Collar
19:11 Wheelbarrow
19:54 Bloodlines
20:27 Husbandry
20:49 Chain Barding Armor
33:28 Hand Cart
36:25 Iron Casting
38:03 Fletching
38:37 Town Watch
15A3L
13:59 Feudal Age
14:08 Loom
16:47 Double-Bit Axe
18:05 Fletching
18:29 Forging
19:48 Scale Barding Armor
29:56 Castle Age
29:45 Stone Mining
30:46 Gold Mining
34:11 Bow Saw
38:20 Gold Shaft Mining
41:14 Chain Barding Armor
Romans
4:31 Loom
4:39 Loom
4:57 Loom
14:00 Feudal Age
14:49 Double-Bit Axe
17:33 Castle Age
16:35 Forging
17:08 Gold Mining
18:03 Stone Mining
19:18 Fishing Lines
25:24 Bow Saw
25:15 Horse Collar
30:15 Fletching
30:54 Ballistics
30:29 Murder Holes
31:08 Bodkin Arrow
32:35 Squires
32:20 Arson
33:23 Wheelbarrow
33:26 Padded Archer Armor
34:48 Scale Mail Armor
35:04 Leather Archer Armor
38:40 Imperial Age
35:44 Crossbowman
37:21 Hand Cart
36:52 Town Watch
37:19 Thumb Ring
38:02 Chain Mail Armor
39:19 Coiled Serpent Array
40:50 Chemistry
40:24 Conscription
40:12 Bracer
40:06 Arbalester
42:52 Two-Man Saw
The_Valhalla
6:31 Loom
14:05 Feudal Age
18:17 Castle Age
16:26 Fishing Lines
16:44 Double-Bit Axe
17:46 Fletching
17:59 Padded Archer Armor
19:02 Bodkin Arrow
20:28 Gillnets
los calzoncillos bien abajo
6:19 Loom
14:26 Feudal Age
19:29 Castle Age
26:51 Bloodlines
28:17 Double-Bit Axe
28:58 Scale Barding Armor
29:55 Fishing Lines
30:43 Husbandry
31:08 Forging
33:05 Gillnets
33:36 Horse Collar
36:49 Chain Barding Armor
38:28 Gold Mining
39:02 Devotion
Connection lost

Rejoining the realm…

Still unreachable

The connection could not be restored.

Session expired

The server has moved on; the page needs a fresh start.